 Dungeon Crawl Stone Soup version 0.23.2-1-ga50397a (webtiles) character file.

Game seed: 5592778624048051396

25105 Borgoz the Slicer (level 13, -5/138 HPs)
             Began as a Halfling Gladiator on May 26, 2019.
             Was a Priest of Ashenzari.
             Killed from afar by a gargoyle (10 damage)
             ... with a stone arrow
             ... on level 13 of the Dungeon.
             The game lasted 00:37:32 (13601 turns).

Borgoz the Slicer (Halfling Gladiator)             Turns: 13601, Time: 00:37:33

Health: -5/138     AC: 33    Str: 24    XL:     13   Next: 47%
Magic:  13/13      EV:  3    Int: 11    God:    Ashenzari [***...]
Gold:   1172       SH:  0    Dex: 17    Spells: 12/12 levels left

rFire    . . .     SeeInvis +   a - +8 long sword of Entaecis {protect, rPois rC+ MR- SInv}
rCold    + . .     Gourm    .   (shield restricted)
rNeg     + + +     Faith    .   (armour currently unavailable)
rPois    +         Spirit   .   (helmet currently unavailable)
rElec    .         Reflect  .   (cloak currently unavailable)
rCorr    .         Harm     .   (gloves currently unavailable)
MR       .....     NoTele   +   (boots currently unavailable)
Stlth    ++........             (no amulet)
HPRegen  0.33/turn              i - ring of poison resistance
MPRegen  0.13/turn              N - +5 ring of intelligence

@: mighty, tree-form, protection aura, very slightly contaminated, invisible
A: small, mutation resistance 1
a: Curse Item, Scrying, Renounce Religion


You were on level 13 of the Dungeon.
You worshipped Ashenzari.
Ashenzari was most pleased with you.
You were very hungry.
You were a tree.
You visited 2 branches of the dungeon, and saw 14 of its levels.
You also visited: Bailey.

You collected 1700 gold pieces.
You spent 528 gold pieces at shops.

Inventory:

Hand Weapons
 a - the +8 long sword of Entaecis (weapon) {protect, rPois rC+ MR- SInv}
   (You found it on level 9 of the Dungeon)

   It protects the one who uses it against injury (+AC on strike).
   It protects you from cold.
   It protects you from poison.
   It affects your resistance to hostile enchantments.
   It lets you see invisible.
 b - a +2 scimitar of flaming
 m - a +0 rapier
 A - a +2 dagger of venom
 D - a +1 rapier of flaming
 G - a +2 short sword of draining
Missiles
 z - 24 tomahawks of returning (quivered)
Armour
 c - a +0 helmet (melded)
 n - a +3 crystal plate armour
 s - a cursed +0 pair of boots (melded)
 v - a +0 pair of gloves (melded)
 Q - the +1 scale mail of Qita (melded) {rC+ MR+ Dex+4}
   (You bought it in a shop on level 10 of the Dungeon)

   It affects your dexterity (+4).
   It protects you from cold.
   It affects your resistance to hostile enchantments.
Jewellery
 i - a ring of poison resistance (left branch)
 w - an uncursed ring of flight
 I - an uncursed ring of fire
 N - a +5 ring of intelligence (right branch)
 R - a +4 ring of strength
Wands
 u - a wand of iceblast (7)
 E - a wand of scattershot (4)
 K - a wand of flame (35)
 M - a wand of polymorph (8)
Scrolls
 d - a scroll of identify
 e - 3 scrolls of teleportation
 g - a scroll of noise {unknown}
 h - 2 scrolls of magic mapping
 k - 4 scrolls of enchant weapon
 o - a scroll of fog
 q - 4 scrolls of amnesia
 x - a scroll of torment {unknown}
 y - 5 scrolls of remove curse
 C - 2 scrolls of fear
 H - a scroll of enchant armour
 L - 2 scrolls of summoning {unknown}
Potions
 r - 3 potions of haste
 t - 2 potions of lignification
 B - 2 potions of resistance
 F - 2 potions of brilliance
 J - a potion of mutation
 P - a potion of agility {unknown}
Comestibles
 f - 17 rations


   Skills:
 + Level 10.0 Fighting
 * Level 12.1(13.1) Short Blades
 - Level 7.2(9.8) Long Blades
 - Level 2.0 Throwing
 + Level 11.4 Armour
 + Level 11.8 Dodging


You had 12 spell levels left.
You didn't know any spells.
Your spell library contained the following spells:

 Spells                   Type           Power        Failure   Level  Hunger
 Animate Skeleton         Necr           N/A          34%         1    ##.....
 Apportation              Tloc           #.....       34%         1    ##.....
 Beastly Appendage        Tmut           #.....       34%         1    ##.....
 Confusing Touch          Hex            #.....       34%         1    ##.....
 Corona                   Hex            #......      34%         1    ##.....
 Flame Tongue             Conj/Fire      #....        34%         1    ##.....
 Summon Small Mammal      Summ           #...         34%         1    ##.....
 Call Imp                 Summ           #.......     47%         2    ###....
 Ensorcelled Hibernation  Hex/Ice        #.....       47%         2    ###....
 Sticks to Snakes         Tmut           #.......     47%         2    ###....
 Throw Flame              Conj/Fire      #.....       47%         2    ###....
 Call Canine Familiar     Summ           #.......     71%         3    ####...
 Confuse                  Hex            #.......     71%         3    ####...
 Conjure Flame            Conj/Fire      #.......     71%         3    ####...
 Dazzling Spray           Conj/Hex       #.....       71%         3    ####...
 Inner Flame              Hex/Fire       #.......     71%         3    ####...
 Spider Form              Tmut/Pois      #.........   71%         3    ####...
 Summon Guardian Golem    Hex/Summ       #.......     71%         3    ####...
 Tukima's Dance           Hex            #.......     71%         3    ####...
 Ice Form                 Ice/Tmut       #.......     98%         4    #####..
 Sticky Flame             Conj/Fire      #.......     98%         4    #####..
 Summon Ice Beast         Ice/Summ       #.......     98%         4    #####..
 Summon Lightning Spire   Summ/Air       #.......     98%         4    #####..
 Blade Hands              Tmut           #.........   100%        5    ######.
 Fireball                 Conj/Fire      #.........   100%        5    ######.


Dungeon Overview and Level Annotations

Branches:
Dungeon (13/15)            Temple (1/1) D:7            Lair (0/6) D:11
    Orc (0/2) D:12
 Vaults: D:13-14

Altars:
Ashenzari
Cheibriados
Dithmenos
Elyvilon
Fedhas
Gozag
Hepliaklqana
Kikubaaqudgha
Makhleb
Nemelex Xobeh
Okawaru
Qazlal
Ru
Sif Muna
Trog
Uskayaw
Vehumet
Wu Jian
Xom
Yredelemnul
Zin
The Shining One

Shops:
D:9 }   D:10 *

Portals:
Trove: D:12 (give 15 scrolls of teleportation)

Annotations:
D:13 Rupert


Innate Abilities, Weirdness & Mutations

You are small and have problems with some larger weapons.
You are somewhat resistant to further mutation.


Message History

Rupert is heavily wounded.
Rupert hits you with a +4 great sword of holy wrath!!
* * * LOW HITPOINT WARNING * * *
You slash Rupert!
Rupert is heavily wounded.
The gargoyle hits you with a +0 flail!
* * * LOW HITPOINT WARNING * * *
Rupert hits you with a +4 great sword of holy wrath.
* * * LOW HITPOINT WARNING * * *
It was a potion of invisibility.
You fade into invisibility!
Rupert hits you but does no damage.
The gargoyle hits you but does no damage.
You are very lightly contaminated with residual magic.
You hit the gargoyle but do no damage.
Rupert hits you with a +4 great sword of holy wrath!
* * * LOW HITPOINT WARNING * * *
The gargoyle hurls a stone arrow at you.
The stone arrow hits you!
You die...

#
################################
#...............................
#.##############################
#.# # ##.# ###### ####### #
...###....# #.....#### #
.....#....#####.♣......# * #####
................@9.....# ....#
........................ , .....
.....#....######.......# .....
##........# #..$....# .....
#........# #........ .....
###......# #........ #.... *
#......#** ......... #####
#........ ,....[.... * *#


You could see Rupert (berserk) and a gargoyle.

Vanquished Creatures
  Erolcha (D:9)
  Harold (D:9)
  2 hydras
  2 centaur warriors
  A queen ant (D:11)
  3 two-headed ogres
  An unseen horror (D:12)
  A wizard (D:10)
  Pikel (D:9)
  2 orc knights
  2 ugly things
  3 slime creatures
  2 manticores
  A cyclops (D:11)
  Maurice (D:8)
  An efreet (D:8)
  A komodo dragon (D:8)
  3 trolls
  The ghost of Terandir the Chopper, an amateur MiFi of Okawaru (D:4)
  A hornet (D:11)
  Prince Ribbit (D:7)
  A hippogriff (D:11)
  2 wraiths
  Sigmund (D:4)
  Eustachio (D:4)
  A wyvern (D:11)
  12 yaks
  2 hungry ghosts
  3 soldier ants (D:11)
  A black bear (D:7)
  6 sky beasts
  3 slaves (D:9)
  5 orc warriors
  A phantom (D:5)
  2 ice beasts
  2 necrophages
  8 ogres
  9 centaurs
  4 big kobolds
  14 bullfrogs
  A gnoll sergeant (D:12)
  A wyvern skeleton (D:11)
  6 scorpions
  3 killer bees (D:8)
  4 wights (D:12)
  5 howler monkeys
  10 crimson imps
  7 hounds
  4 jellies
  A centaur zombie (D:7)
  A bullfrog skeleton (D:13)
  2 orc priests
  4 centaur skeletons
  8 iguanas
  Natasha (thrice) (D:3)
  11 orc wizards
  28 worker ants
  2 hound skeletons
  2 worker ant zombies
  Robin (D:3)
  5 gnolls (D:12)
  A howler monkey skeleton (D:8)
  17 adders
  A river rat (D:4)
  2 shadow imps
  3 oozes
  3 adder skeletons
  2 worms (D:4)
  6 dart slugs
  4 leopard geckos
  40 orcs
  8 giant cockroaches
  11 hobgoblins
  5 jackals
  2 quokkas
  A ball python zombie (D:5)
  7 bats
  5 frilled lizards
  14 goblins
  A jackal skeleton (D:4)
  36 kobolds
  2 quokka skeletons
  2 quokka zombies
  7 rats
399 creatures vanquished.

Vanquished Creatures (others)
  An orc wizard (D:6)
1 creature vanquished.

Grand Total: 400 creatures vanquished

Notes
Turn   | Place    | Note
-------+----------+-------------------------------------------
     0 | D:1      | Borgoz the Halfling Gladiator began the quest for the Orb.
     0 | D:1      | Reached XP level 1. HP: 14/14 MP: 1/1
   154 | D:1      | Reached XP level 2. HP: 19/19 MP: 2/2
   562 | D:1      | Reached skill level 1 in Armour
   766 | D:2      | Reached XP level 3. HP: 24/24 MP: 3/3
   768 | D:2      | Reached skill level 4 in Short Blades
  1551 | D:3      | Found an iron altar of Okawaru.
  1563 | D:3      | Found a snail-covered altar of Cheibriados.
  1566 | D:3      | Found an ornate altar of the Wu Jian Council.
  1566 | D:3      | Noticed Natasha
  1572 | D:3      | Killed Natasha
  1572 | D:3      | Reached XP level 4. HP: 28/30 MP: 4/4
  1580 | D:3      | Found a glowing golden altar of the Shining One.
  1664 | D:3      | Noticed Natasha
  1665 | D:3      | Noticed Robin
  1692 | D:3      | Killed Natasha
  1692 | D:3      | Reached XP level 5. HP: 20/35 MP: 5/5
  1703 | D:3      | Killed Robin
  1764 | D:3      | Noticed Natasha
  1773 | D:3      | Killed Natasha
  1922 | D:4      | Noticed Sigmund
  1930 | D:4      | Reached XP level 6. HP: 29/42 MP: 6/6
  1952 | D:4      | Reached skill level 5 in Short Blades
  1983 | D:4      | Killed Sigmund
  1983 | D:4      | Reached skill level 5 in Dodging
  1983 | D:4      | Reached XP level 7. HP: 16/46 MP: 7/7
  2592 | D:4      | Found a runed translucent door.
  2597 | D:4      | Noticed Terandir's ghost (amateur MiFi)
  2750 | D:4      | Noticed Eustachio
  2767 | D:4      | Killed Eustachio
  2767 | D:4      | Reached skill level 6 in Short Blades
  2767 | D:4      | Reached XP level 8. HP: 43/54 MP: 8/8
  2887 | D:4      | Found a burning altar of Makhleb.
  2954 | D:4      | Found a runed translucent door.
  3322 | D:5      | Entered Level 5 of the Dungeon
  3474 | D:5      | Found a shimmering altar of Xom.
  3474 | D:5      | Found a shimmering altar of Xom.
  3477 | D:5      | Found a shimmering altar of Xom.
  3517 | D:5      | Reached skill level 5 in Armour
  3823 | D:5      | Reached skill level 7 in Short Blades
  3995 | D:6      | Reached skill level 5 in Fighting
  4018 | D:6      | Reached XP level 9. HP: 55/61 MP: 9/9
  4057 | D:6      | HP: 2/61 [ogre/+0 giant club (4)]
  4531 | D:6      | Reached skill level 8 in Short Blades
  4784 | D:7      | Found a staircase to the Ecumenical Temple.
  4870 | Temple   | Entered the Ecumenical Temple
  5011 | Temple   | Became a worshipper of Ashenzari the Shackled
  5324 | D:7      | Noticed Prince Ribbit
  5405 | D:7      | Reached XP level 10. HP: 61/67 MP: 10/10
  5467 | D:7      | Killed Prince Ribbit
  5584 | D:7      | Reached skill level 9 in Short Blades
  5680 | D:7      | Found a white marble altar of Elyvilon.
  5949 | D:8      | Noticed an efreet
  5966 | D:8      | Killed an efreet
  6340 | D:8      | Found a flagged portal.
  6347 | Bailey   | Entered a bailey
  6645 | Bailey   | Noticed an orc knight
  6719 | Bailey   | Killed an orc knight
  6869 | D:8      | Noticed a two-headed ogre
  6876 | D:8      | Killed a two-headed ogre
  6876 | D:8      | Reached skill level 10 in Short Blades
  6876 | D:8      | Reached XP level 11. HP: 54/75 MP: 11/11
  6986 | D:8      | Noticed a centaur warrior
  7005 | D:8      | Killed a centaur warrior
  7453 | D:8      | Reached * piety under Ashenzari
  7550 | D:8      | Found a shadowy altar of Dithmenos.
  7550 | D:8      | Found a stormy altar of Qazlal.
  7815 | D:9      | Noticed Maurice
  7870 | D:9      | Noticed Erolcha
  7889 | D:9      | Killed Erolcha
  8229 | D:9      | Got the long sword of Entaecis {protect, rPois rC+ MR-
                  | SInv}
  8230 | D:9      | Identified the +8 long sword of Entaecis {protect, rPois
                  | rC+ MR- SInv} (You found it on level 9 of the Dungeon)
  8238 | D:9      | Found Lauczu's Gadget Shop.
  8238 | D:9      | Noticed Harold
  8260 | D:9      | Killed Harold
  8260 | D:9      | Reached skill level 10 in Dodging
  8405 | D:9      | Noticed Pikel
  8417 | D:9      | Killed Pikel
  8417 | D:9      | Reached skill level 1 in Long Blades
  8502 | D:10     | Entered Level 10 of the Dungeon
  8571 | D:10     | Noticed a two-headed ogre
  8579 | D:10     | Killed a two-headed ogre
  8751 | D:10     | Noticed a centaur warrior
  8753 | D:10     | Noticed an orc knight
  8757 | D:10     | Noticed a wizard
  8768 | D:10     | Killed a centaur warrior
  8768 | D:10     | Reached XP level 12. HP: 49/84 MP: 12/12
  8793 | D:10     | Reached skill level 10 in Armour
  9441 | D:10     | Reached ** piety under Ashenzari
  9540 | D:10     | Found Uhiphist's Assorted Antiques.
  9548 | D:10     | Bought a fine scale mail for 297 gold pieces
  9548 | D:10     | Bought a ring of strength for 66 gold pieces
  9548 | D:10     | Bought a scroll labeled MOAHOE LOIGA for 33 gold pieces
  9548 | D:10     | Bought a scroll of identify for 66 gold pieces
  9548 | D:10     | Bought a scroll of identify for 66 gold pieces
  9564 | D:10     | Identified the +1 scale mail of Qita {rC+ MR+ Dex+4} (You
                  | bought it in a shop on level 10 of the Dungeon)
  9938 | D:4      | Killed Terandir's ghost
 10082 | D:9      | Reached skill level 5 in Long Blades
 10132 | D:8      | Killed Maurice
 10398 | D:9      | Found a glowing silver altar of Zin.
 10956 | D:11     | Noticed an eight-headed hydra
 10966 | D:11     | Killed a three-headed hydra
 11232 | D:11     | Found a staircase to the Lair.
 11659 | D:11     | Noticed a queen ant
 11696 | D:11     | Killed a queen ant
 11696 | D:11     | Reached XP level 13. HP: 58/90 MP: 13/13
 11925 | D:11     | Reached skill level 11 in Short Blades
 12574 | D:12     | Found a staircase to the Orcish Mines.
 12791 | D:12     | Reached *** piety under Ashenzari
 12806 | D:12     | Noticed an eight-headed hydra
 12823 | D:12     | Killed a five-headed hydra
 12992 | D:12     | Found a portal to a secret trove of treasure.
 13170 | D:12     | Reached skill level 12 in Short Blades
 13314 | D:12     | Reached skill level 10 in Fighting
 13574 | D:13     | Noticed Rupert
 13601 | D:13     | HP: 5/138 [Rupert/+4 great sword of holy wrath (7)]
 13601 | D:13     | Killed from afar by a gargoyle

Skill      XL: |  1  2  3  4  5  6  7  8  9 10 11 12 13 |
---------------+----------------------------------------+-----
Fighting       | 2 3 4 5 6 7 8 9 10 | 10.0
Armour         | 1 2 3 4 5 7 8 9 10 11 | 11.4
Short Blades   | 4 5 6 7 8 10 12 | 12.1
Dodging        | 4 5 6 7 9 10 11 | 11.8
Long Blades    | 3 7 |  7.2
Throwing       | |  2.0

Action                   |  1- 3 |  4- 6 |  7- 9 | 10-12 | 13-15 || total
-------------------------+-------+-------+-------+-------+-------++-------
Melee: Rapier            |    11 |    75 |   467 |   430 |       ||   983
       Dagger            |    98 |    31 |       |    23 |       ||   152
       Long sword        |       |       |       |   399 |   228 ||   627
       Unarmed           |       |       |       |    16 |       ||    16
       Scimitar          |       |       |       |    23 |     5 ||    28
Throw: Throwing net      |       |       |     2 |     9 |       ||    11
       Tomahawk          |       |       |       |    26 |       ||    26
Evoke: Wand              |       |       |       |    18 |       ||    18
  Use: Scroll            |     5 |     1 |       |    16 |       ||    22
       Potion            |       |     2 |     4 |    13 |     8 ||    27
 Stab: Sleeping          |     3 |       |       |       |       ||     3
       Held in net/web   |       |       |       |     7 |       ||     7
       Confused          |       |       |       |     6 |       ||     6
  Eat: Chunk             |     2 |     1 |    12 |    17 |     6 ||    38
       Ration            |       |       |       |     2 |       ||     2
Armor: Leather armour    |    16 |       |       |       |       ||    16
       Crystal plate arm |    30 |   133 |   335 |   471 |       ||   969
       Skin              |       |       |       |     9 |     8 ||    17
       Scale mail        |       |       |       |    70 |    61 ||   131
Dodge: Dodged            |    37 |    25 |   145 |   535 |   268 ||  1010
       Rpst.: Long sword |       |       |       |    80 |    55 ||   135
       Scimitar          |       |       |       |     3 |     1 ||     4
